 Dungeon Crawl Stone Soup version 0.22.1-1-ga44c0e5 (webtiles) character file.

975 harcile the Slasher (level 8, 0/69 HPs)
             Began as a Hill Orc Fighter on Oct 25, 2018.
             Slain by a troll zombie (8 damage)
             ... in an ossuary.
             The game lasted 00:08:32 (2678 turns).

harcile the Slasher (Hill Orc Fighter)              Turns: 2678, Time: 00:08:34

Health: 0/69       AC:  8    Str: 20    XL:     8   Next: 16%
Magic:  8/8        EV:  8    Int:  8    God:
Gold:   146        SH: 10    Dex: 11    Spells: 7/7 levels left

rFire    . . .     SeeInvis .   a - +0 long sword
rCold    . . .     Gourm    .   c - +0 shield
rNeg     . . .     Faith    .   b - +0 scale mail
rPois    .         Spirit   .   (no helmet)
rElec    .         Reflect  .   m - +0 cloak
rCorr    .         Harm     .   (no gloves)
MR       .....                  (no boots)
Stlth    ..........             (no amulet)
HPRegen  0.21/turn              (no ring)
MPRegen  0.11/turn              (no ring)

@: no status effects
A: no striking features
a: no special abilities


You were in an ossuary.
You were near starving.

You visited 1 branch of the dungeon, and saw 4 of its levels.
You also visited: Ossuary.

You collected 146 gold pieces.

Inventory:

Hand Weapons
 a - a +0 long sword (weapon)
Armour
 b - a +0 scale mail (worn)
 c - a +0 shield (worn)
 m - a +0 cloak (worn)
Scrolls
 e - a scroll of remove curse
 h - a scroll of amnesia {unknown}
 j - 6 scrolls of identify {unknown}
 k - a scroll of enchant armour {unknown}
 s - 2 scrolls of teleportation {unknown}
Potions
 d - a potion of might
 g - a potion of resistance
 i - a potion of berserk rage {unknown}
 n - 4 potions of haste
 q - a potion of degeneration {unknown}
 t - a potion of heal wounds {unknown}
Comestibles
 f - 8 rations


   Skills:
 + Level 5.4 Fighting
 + Level 6.5 Long Blades
 + Level 5.4 Armour
 + Level 2.2 Dodging
 + Level 0.2 Stealth
 + Level 5.3 Shields


You had 7 spell levels left.
You didn't know any spells.
Your spell library was empty.

Dungeon Overview and Level Annotations

Branches:
Dungeon (4/15)
 Temple: D:4-7

Altars:


Message History

The troll zombie is severely damaged.
You block the troll zombie's attack.
The troll zombie claws you but does no damage.
The troll zombie claws you.
* * * LOW HITPOINT WARNING * * *
You slash the troll zombie!
The troll zombie is almost destroyed.
The troll zombie bites you but does no damage.
The troll zombie claws you but does no damage. x2
You barely miss the troll zombie.
The troll zombie is almost destroyed.
The troll zombie bites you but does no damage.
The troll zombie claws you but does no damage. x2
You hit the troll zombie.
The troll zombie is almost destroyed.
You feel less wooden.
Your +0 cloak unmelds from your body.
Your +0 scale mail unmelds from your body.
The troll zombie bites you!
You die...

##########################
........................∩#
.........................#
##+###'###'###'###'###..#
#.Z@#...#...#...#..# #
##'#####'#######.#..# ...
#....#....# #.#..#
....#.Z..#....# ###..#
....#....#....#. +..#
#.........#...... #..#
####...'..#......
................
#................


You could see a troll zombie.

Vanquished Creatures
  Pikel (D:4)
  Menkaure (Ossuary)
  A scorpion (D:4)
  A centaur zombie (Ossuary)
  A hound (D:2)
  An orc priest (D:3)
  An orc wizard (D:3)
  A big kobold zombie (Ossuary)
  2 ogre zombies (Ossuary)
  4 mummies (Ossuary)
  3 adders
  An ooze (D:3)
  An adder skeleton (D:4)
  2 adder zombies (Ossuary)
  A dart slug (D:1)
  6 orcs
  A ball python (D:2)
  2 giant cockroaches
  7 goblins
  8 hobgoblins
  5 jackals
  7 bats
  2 frilled lizards
  2 goblin zombies (Ossuary)
  4 kobolds
  A quokka zombie (Ossuary)
  10 rats
77 creatures vanquished.

Vanquished Creatures (others)
  A slave (D:4)
1 creature vanquished.

Grand Total: 78 creatures vanquished

Notes
Turn   | Place    | Note
-------+----------+-------------------------------------------
     0 | D:1      | harcile the Hill Orc Fighter began the quest for the Orb.
     0 | D:1      | Reached XP level 1. HP: 19/19 MP: 1/1
   156 | D:1      | Reached XP level 2. HP: 18/27 MP: 2/2
   572 | D:1      | Reached XP level 3. HP: 20/33 MP: 3/3
   788 | D:2      | Reached XP level 4. HP: 36/41 MP: 4/4
   819 | D:2      | Reached skill level 3 in Long Blades
  1599 | D:3      | Reached XP level 5. HP: 28/47 MP: 5/5
  2012 | D:3      | Reached skill level 1 in Dodging
  2112 | D:4      | Reached skill level 4 in Long Blades
  2112 | D:4      | Reached XP level 6. HP: 27/53 MP: 6/6
  2176 | D:4      | Noticed a slave
  2176 | D:4      | Noticed a slave
  2177 | D:4      | Noticed Pikel
  2179 | D:4      | Noticed a slave
  2229 | D:4      | Killed Pikel
  2229 | D:4      | Reached skill level 5 in Fighting
  2229 | D:4      | Reached skill level 5 in Long Blades
  2229 | D:4      | Reached skill level 5 in Armour
  2229 | D:4      | Reached XP level 7. HP: 14/61 MP: 7/7
  2248 | D:4      | Found a sand-covered staircase.
  2347 | Ossuary  | Entered an ossuary
  2365 | Ossuary  | Reached skill level 6 in Long Blades
  2575 | Ossuary  | Noticed Menkaure
  2589 | Ossuary  | Killed Menkaure
  2589 | Ossuary  | Reached skill level 5 in Shields
  2589 | Ossuary  | Reached XP level 8. HP: 33/68 MP: 8/8
  2678 | Ossuary  | Slain by a troll zombie

Skill      XL: |  1  2  3  4  5  6  7 |
---------------+----------------------+-----
Fighting       | 4 5 |  5.4
Long Blades    | 3 4 5 6 |  6.5
Armour         | 4 5 |  5.4
Shields        | 4 5 |  5.3
Dodging        | 1 2 |  2.2
Stealth        | |  0.2

Action                   |  1- 3 |  4- 6 |  7- 9 || total
-------------------------+-------+-------+-------++-------
Melee: Long sword        |    91 |   180 |    96 ||   367
  Use: Potion            |       |     4 |     3 ||     7
       Scroll            |       |     3 |       ||     3
  Eat: Chunk             |       |     4 |     1 ||     5
Armor: Scale mail        |    52 |    61 |     8 ||   121
       Skin              |       |    13 |    34 ||    47
Dodge: Dodged            |    24 |    51 |    15 ||    90
Block: Shield            |    54 |    91 |    36 ||   181
       Rpst.: Long sword |    10 |    22 |     6 ||    38
